 Dungeon Crawl Stone Soup version 0.24-a0-22-g2a401c0 (webtiles) character file.

Game seed: 723532178822350206

1743 Lanoc the Spear-Bearer (level 9, -5/69 HPs)
             Began as a Merfolk Chaos Knight on Feb 1, 2019.
             Was a Plaything of Xom.
             Splashed by an acid dragon's acid (11 damage)
             ... on level 7 of the Dungeon.
             The game lasted 00:10:38 (6147 turns).

Lanoc the Spear-Bearer (Merfolk Chaos Knight)       Turns: 6147, Time: 00:10:39

Health: -5/69      AC: 11    Str: 15    XL:     9   Next: 6%
Magic:  9/9        EV:  7    Int: 12    God:    Xom [......]
Gold:   585        SH:  0    Dex: 13    Spells: 8/8 levels left

rFire    . . .     SeeInvis .   t - +8 falchion of Supply {venom, rC+}
rCold    + . .     Gourm    .   (no shield)
rNeg     . . .     Faith    .   a - +0 plate armour {MR+}
rPois    .         Spirit   .   (no helmet)
rElec    .         Reflect  .   (no cloak)
rCorr    .         Harm     .   (no gloves)
MR       .....                  (no boots)
Stlth    ..........             (no amulet)
HPRegen  0.21/turn              (no ring)
MPRegen  0.11/turn              (no ring)

@: vulnerable
A: change form in water, swift swim, stealthy swim
a: Renounce Religion


You were on level 7 of the Dungeon.
You worshipped Xom.
You were a very special plaything of Xom.
You were not hungry.

You visited 2 branches of the dungeon, and saw 8 of its levels.
You visited the Abyss 1 time.
You also visited: Ossuary.

You collected 585 gold pieces.

Inventory:

Hand Weapons
 o - a +1 spear of chaos
 t - the +8 falchion of Supply (weapon) {venom, rC+}
   (You found it on level 4 of the Dungeon)

   It poisons the flesh of those it strikes.
   It protects you from cold.
Armour
 a - a +0 plate armour of magic resistance (worn)
Wands
 f - a wand of random effects (31)
 l - a wand of acid (6)
Scrolls
 b - 3 scrolls of amnesia {unknown}
 g - 2 scrolls of remove curse
 n - 3 scrolls of magic mapping
 q - 2 scrolls of fog {unknown}
 r - a scroll of fear {unknown}
 s - 2 scrolls of teleportation
Potions
 d - 2 potions of heal wounds
 e - a potion of curing
 h - a potion of cancellation
 i - a potion of berserk rage
 j - 2 potions of brilliance
 k - 2 potions of might
 p - 2 potions of magic
Miscellaneous
 m - a sack of spiders
Comestibles
 c - 7 rations
 u - 3 chunks of flesh


   Skills:
 + Level 5.9 Fighting
 * Level 10.3 Polearms
 + Level 3.3 Armour
 * Level 8.9 Dodging


You had 8 spell levels left.
You didn't know any spells.
Your spell library was empty.

Dungeon Overview and Level Annotations

Branches:
Dungeon (7/15)             Temple (1/1) D:4

Altars:
Ashenzari
Cheibriados
Dithmenos
Elyvilon
Fedhas
Gozag
Hepliaklqana
Kikubaaqudgha
Makhleb
Nemelex Xobeh
Okawaru
Ru
Sif Muna
Uskayaw
Vehumet
Wu Jian
Xom
Yredelemnul
Zin
The Shining One

Annotations:
D:6 2 transporters, bli's ghost, novice BaMo


Message History

The ogre hits you but does no damage.
The acid dragon bites you but does no damage.
The acid dragon claws you but does no damage.
You slash the ogre!
The ogre looks as sick as possible!
The ogre is severely wounded.
The acid dragon bites you but does no damage.
The acid dragon claws you but does no damage.
The ogre barely misses you.
You hit the ogre.
The ogre looks as sick as possible!
The ogre is almost dead.
You kill the ogre!
The acid dragon barely misses you.
The acid dragon claws you but does no damage.
You completely miss the acid dragon. The acid dragon spits acid at you.
The splash of acid hits you!
* * * LOW HITPOINT WARNING * * *
You are splashed with acid!
You die...
Xom thinks this is hilarious!

...# .......?.##
........ ..........##
###.....## .$.........##
......... ............##
#........ .......[.....#
#.#.#.#.#
.............###........
....(........#.....⌠....
!.)...)@.....'........_.
..(...D......'.#...⌠....
.............###....[...
.............# #.#.#.#.#
.=$.[.....)..# #........
............## #######..
...........## #..
..........## ####..
.......## #......


You could see an acid dragon.

Vanquished Creatures
  Grinder (D:6)
  An ice beast (D:6)
  3 ogres
  2 centaurs (D:6)
  A bullfrog (D:6)
  3 scorpions
  6 killer bees (D:6)
  3 vampire bats (D:2)
  A bullfrog zombie (D:6)
  A jelly (D:4)
  A hound (D:4)
  A bullfrog skeleton (D:2)
  Ijyb (D:3)
  Terence (D:2)
  3 worker ants
  2 big kobold zombies (Ossuary)
  A mummy (Ossuary)
  A worker ant zombie (D:5)
  7 adders
  3 worms
  A dart slug (D:5)
  10 orcs
  5 bats
  3 bat skeletons (D:2)
  A bat zombie (D:2)
  3 giant cockroaches
  4 gnoll zombies (Ossuary)
  3 goblins
  3 hobgoblins
  2 kobolds (D:3)
  A ball python (D:3)
  2 frilled lizards (D:3)
  2 goblin zombies (Ossuary)
  A hobgoblin zombie (Ossuary)
  A leopard gecko skeleton (D:6)
  2 orc zombies (Ossuary)
  A quokka zombie (D:4)
  5 rats
  A rat zombie (D:4)
94 creatures vanquished.

Vanquished Creatures (collateral kills)
  A mummy (Ossuary)
  2 gnoll zombies (Ossuary)
3 creatures vanquished.

Vanquished Creatures (others)
  A big kobold zombie (Ossuary)
1 creature vanquished.

Grand Total: 98 creatures vanquished

Notes
Turn   | Place    | Note
-------+----------+-------------------------------------------
     0 | D:1      | Lanoc the Merfolk Chaos Knight began the quest for the Orb.
     0 | D:1      | Reached XP level 1. HP: 18/18 MP: 1/1
    53 | D:1      | Noticed a shapeshifter
    53 | D:1      | a kobold changed into a shapeshifter
    53 | D:1      | Noticed a spriggan
    53 | D:1      | a shapeshifter changed into a spriggan
    59 | D:1      | XOM: potion effect (invisibility)
    59 | D:1      | Noticed a wyvern
    59 | D:1      | a spriggan changed into a wyvern
    60 | D:1      | Noticed a sky beast
    60 | D:1      | a wyvern changed into a sky beast
   106 | D:2      | XOM: harmless Air miscast
   158 | D:2      | Found a sparkling altar of Nemelex Xobeh.
   163 | D:2      | XOM: harmless Necr miscast
   191 | D:2      | Reached XP level 2. HP: 23/24 MP: 2/2
   245 | D:2      | Found an ancient bone altar of Kikubaaqudgha.
   245 | D:2      | Noticed a vampire bat
   245 | D:2      | Noticed a vampire bat
   250 | D:2      | Killed a vampire bat
   250 | D:2      | Reached skill level 5 in Polearms
   250 | D:2      | Reached skill level 1 in Armour
   250 | D:2      | Reached XP level 3. HP: 24/29 MP: 3/3
   257 | D:2      | Reached XP level 4. HP: 30/37 MP: 4/4
   642 | D:2      | XOM: silly message
   713 | D:2      | Reached skill level 6 in Polearms
   713 | D:2      | Reached XP level 5. HP: 42/42 MP: 5/5
  1346 | D:2      | XOM: noise
  1388 | D:2      | Noticed Terence
  1409 | D:2      | Killed Terence
  1645 | D:3      | Reached skill level 5 in Dodging
  1746 | D:3      | Found a basalt altar of Yredelemnul.
  1797 | D:3      | XOM: god gift: arbalest {god gift}
  1857 | D:3      | Noticed Ijyb
  1880 | D:3      | Killed Ijyb
  1880 | D:3      | Reached XP level 6. HP: 48/48 MP: 6/6
  1888 | D:3      | Found a deep blue altar of Sif Muna.
  1972 | D:3      | XOM: 5-stop teleportation journey
  2132 | D:3      | Found a shimmering altar of Xom.
  2196 | D:3      | Found a white marble altar of Elyvilon.
  2197 | D:3      | Found an ornate altar of the Wu Jian Council.
  2262 | D:4      | XOM: god gift: shiny plate armour {god gift}
  2278 | D:4      | XOM: harmless Pois miscast
  2318 | D:4      | Found a sand-covered staircase.
  2331 | Ossuary  | Entered an ossuary
  2340 | Ossuary  | XOM: potion effect (berserk rage)
  2417 | Ossuary  | XOM: cast spell 'Summon Mana Viper'
  2426 | Ossuary  | Reached skill level 7 in Polearms
  2641 | D:4      | Found a staircase to the Ecumenical Temple.
  2649 | Temple   | Entered the Ecumenical Temple
  2667 | Temple   | XOM: scenery: create altars
  3130 | D:4      | XOM: god gift: wand of acid (6)
  3153 | D:4      | XOM: polymorph worker ant -> jelly
  3165 | D:4      | Reached XP level 7. HP: 10/55 MP: 7/7
  3255 | D:4      | XOM: god gift: sack of spiders
  3546 | D:4      | XOM: god gift: thick runed staff {god gift}
  3656 | D:4      | Got a faintly glowing falchion
  3657 | D:4      | Identified the +8 falchion of Supply {venom, rC+} (You
                  | found it on level 4 of the Dungeon)
  3677 | D:4      | XOM: god gift: chain mail {god gift}
  3742 | D:4      | XOM: scenery: create altars
  3842 | D:4      | XOM: harmless Necr miscast
  3920 | D:5      | Entered Level 5 of the Dungeon
  4294 | D:5      | XOM: harmless Hex miscast
  4476 | D:5      | XOM: noise
  4529 | D:6      | XOM: potion effect (might)
  4534 | D:6      | Reached skill level 8 in Polearms
  4542 | D:6      | XOM: confusion
  4545 | D:6      | XOM: mild Erth miscast
  4618 | D:6      | Reached skill level 5 in Fighting
  4618 | D:6      | Reached XP level 8. HP: 44/62 MP: 8/8
  4622 | D:6      | Found a transporter.
  4629 | D:6      | Noticed bli's ghost (novice BaMo)
  4667 | D:6      | Noticed Grinder
  4672 | D:6      | Killed Grinder
  4672 | D:6      | Reached skill level 9 in Polearms
  4953 | D:6      | XOM: fake destruction
  4973 | D:6      | Got a faintly glowing leather armour
  4974 | D:6      | Found a transporter.
  4989 | D:6      | Identified the cursed +0 leather armour of Qosietes {*Slow
                  | rF+ rN+ Int+3} (You found it on level 6 of the Dungeon)
  5275 | D:6      | Found a sparkling altar of Nemelex Xobeh.
  5324 | D:6      | XOM: harmless Hex miscast
  5483 | D:6      | Reached skill level 10 in Polearms
  5641 | D:6      | XOM is BORED!
  5815 | D:6      | XOM: medium Tloc miscast
  5815 | D:6      | Cast into level 1 of the Abyss (the capriciousness of Xom)
  5835 | Abyss:1  | Noticed a large abomination
  5860 | Abyss:1  | Noticed a rakshasa
  5868 | D:6      | Escaped the Abyss
  6095 | D:7      | Found a white marble altar of Elyvilon.
  6104 | D:7      | Reached XP level 9. HP: 69/69 MP: 9/9
  6144 | D:7      | XOM: severe Hex miscast
  6147 | D:7      | Splashed by an acid dragon's acid

Vault maps used:
D:1:      eino_arrival_cavern_a
D:2:      nemelex_xobeh_ov_fountains_minmay, kennysheep_vampire_church,
          uniq_terence
D:3:      nicolae_overflow_hidden_temple, tgw_xom, lemuel_crystal_altar,
          first_ration, chequers_garden, uniq_ijyb
D:4:      minmay_temple_entry_crystal_x, enter_ossuary_4
D:6:      gammafunk_ghost_stat_death, basic_altar, grunt_decor_clamped,
          uniq_grinder
D:7:      kennysheep_big_flooded_room, grunt_qazlal_sundering, elyvilon_altar_5
Temple:   oiseaux_autumnal_temple
Ossuary:  minmay_ossuary_gauntlet

Skill      XL: |  1  2  3  4  5  6  7  8 |
---------------+-------------------------+-----
Dodging        | 3 4 5 7 8 |  8.9
Polearms       | 5 6 7 8 10 | 10.3
Armour         | 1 2 3 |  3.3
Fighting       | 4 5 |  5.9

Action                   |  1- 3 |  4- 6 |  7- 9 || total
-------------------------+-------+-------+-------++-------
Melee: Spear             |    44 |   265 |     2 ||   311
       Tailslap          |       |     1 |       ||     1
       Falchion          |       |       |    93 ||    93
  Use: Scroll            |       |     3 |     9 ||    12
       Potion            |       |     1 |       ||     1
 Stab: Paralysed         |     2 |    12 |       ||    14
       Invisible         |       |     1 |       ||     1
       Sleeping          |       |     1 |       ||     1
       Confused          |       |     1 |       ||     1
  Eat: Chunk             |       |     4 |     6 ||    10
       Ration            |       |     1 |     1 ||     2
Armor: Leather armour    |    22 |    48 |       ||    70
       Plate armour      |       |    59 |    64 ||   123
Dodge: Dodged            |    37 |    87 |    41 ||   165
       Rpst.: Falchion   |       |       |    11 ||    11

Table legend:
 A = Non-vault XP
 B = Vault XP
 C = Vault XP percentage of total XP
 D = Non-vault monster count
 E = Vault monster count
 F = Vault count percentage of total count
                 A         B        C        D         E       F
            +---------+---------+-------+---------+---------+-------
      Total |    1738 |     753 |  30.2 |      68 |      30 |  30.6
            +---------+---------+-------+---------+---------+-------
        D:1 |       2 |       0 |   0.0 |       1 |       0 |   0.0
        D:2 |      73 |     213 |  74.5 |      11 |       8 |  42.1
        D:3 |      37 |      39 |  51.3 |      16 |       2 |  11.1
        D:4 |     187 |       2 |   1.1 |      15 |       2 |  11.8
        D:5 |     132 |       0 |   0.0 |       6 |       0 |   0.0
        D:6 |    1146 |     272 |  19.2 |      17 |       1 |   5.6
        D:7 |     161 |     118 |  42.3 |       2 |       1 |  33.3
    Ossuary |       0 |     109 | 100.0 |       0 |      16 | 100.0
            +---------+---------+-------+---------+---------+-------
